 Dungeon Crawl Stone Soup version 0.21.1-1-g345015fe64 (webtiles) character file.

1966 RUZZLEFAZAZZLE the Shield-Bearer (level 9, -2/109 HPs)
             Began as a Gnoll Fighter on Feb 9, 2018.
             Was a Believer of Okawaru.
             Slain by an orc warrior
             ... wielding a +0 glaive
              (3 damage)
             ... on level 6 of the Dungeon.
             The game lasted 00:15:21 (4791 turns).

RUZZLEFAZAZZLE the Shield-Bearer (Gnoll Fighter)    Turns: 4791, Time: 00:15:22

Health: -2/109     AC: 24    Str: 21    XL:     9   Next: 19%
Magic:  14/14      EV:  2    Int: 11    God:    Okawaru [**....]
Gold:   275        SH: 11    Dex: 15    Spells: 15/15 levels left

rFire    . . .     SeeInvis .   a - +0 war axe
rCold    . . .     Gourm    .   c - +0 shield
rNeg     + + +     Faith    +   (armour currently unavailable)
rPois    +         Spirit   .   (helmet currently unavailable)
rElec    .         Reflect  .   (cloak currently unavailable)
rCorr    .         Harm     .   (gloves currently unavailable)
MR       .....     NoTele   +   (boots currently unavailable)
Stlth    +++.......             y - amulet of faith
HPRegen  0.28/turn              g - ring of positive energy
MPRegen  0.14/turn              (no ring)

@: tree-form, slowed, very slow
A: distributed training, strong nose
a: Heroism, Renounce Religion


You were on level 6 of the Dungeon.
You worshipped Okawaru.
Okawaru was pleased with you.
You were not hungry.
You were a tree.
You visited 2 branches of the dungeon, and saw 7 of its levels.

You collected 275 gold pieces.

Inventory:

Hand Weapons
 a - a +0 war axe (weapon)
Armour
 b - a +0 scale mail (melded)
 c - a +0 shield (worn)
 j - a +0 cloak (melded)
 s - a +2 pair of gloves (melded)
Jewellery
 g - a ring of positive energy (left branch)
 y - an amulet of faith (around neck)
Wands
 w - a wand of polymorph (12)
 x - a wand of acid (5)
Scrolls
 e - 3 scrolls of enchant armour {unknown}
 h - 3 scrolls of amnesia {unknown}
 k - 3 scrolls of teleportation {unknown}
 l - a scroll of fog {unknown}
 n - 5 scrolls of remove curse {unknown}
 q - 3 scrolls of fear {unknown}
 u - a scroll of enchant weapon {unknown}
 D - a scroll of identify
Potions
 i - 3 potions of agility
 o - 2 potions of haste
 p - a potion of ambrosia
 z - a potion of cancellation
 A - a potion of mutation {unknown}
 C - a potion of brilliance {unknown}
Books
 t - a book of Frost

   Spells                             Type                      Level
   a - Freeze                         Ice                          1
   b - Throw Frost                    Conjuration/Ice              2
   c - Ozocubu's Armour               Charms/Ice                   3
   d - Throw Icicle                   Conjuration/Ice              4
   e - Summon Ice Beast               Ice/Summoning                4
Comestibles
 d - a chunk of flesh
 f - 9 rations


   Skills:
 + Level 7.7 Fighting
 + Level 3.9 Short Blades
 + Level 3.9 Long Blades
 + Level 6.1 Axes
 + Level 3.9 Maces & Flails
 + Level 3.9 Polearms
 + Level 3.9 Staves
 + Level 3.9 Slings
 + Level 3.9 Bows
 + Level 3.9 Crossbows
 + Level 3.9 Throwing
 + Level 7.7 Armour
 + Level 3.9 Dodging
 + Level 3.9 Stealth
 + Level 7.7 Shields
 + Level 3.9 Unarmed Combat
 + Level 3.9 Spellcasting
 + Level 3.2 Conjurations
 + Level 3.2 Hexes
 + Level 3.2 Charms
 + Level 3.2 Summonings
 + Level 3.2 Necromancy
 + Level 3.2 Translocations
 + Level 3.2 Transmutations
 + Level 3.2 Fire Magic
 + Level 3.2 Ice Magic
 + Level 3.2 Air Magic
 + Level 3.2 Earth Magic
 + Level 3.2 Poison Magic
 + Level 4.3 Invocations
 + Level 3.9 Evocations


You had 15 spell levels left.
You didn't know any spells.

Dungeon Overview and Level Annotations

Branches:
Dungeon (6/15)             Temple (1/1) D:4

Altars:
Ashenzari
Cheibriados
Dithmenos
Elyvilon
Fedhas
Makhleb
Okawaru
Qazlal
Ru
Sif Muna
Trog
Uskayaw
Vehumet
Wu Jian
Xom
Yredelemnul
Zin

Shops:
D:5 }


Innate Abilities, Weirdness & Mutations

Your experience applies equally to all skills.
((You have very sharp teeth.))
Your uncanny sense of smell can sniff out nearby items.


Message History

* * * LOW HITPOINT WARNING * * *
The orc misses you. You block the orc warrior's attack.
An orc comes into view. It is wielding a war axe.
The orc shouts!
You hit the orc warrior.
You bite the orc warrior, but do no damage.
The orc warrior is moderately wounded.
You hit the orc but do no damage. The orc closely misses you.
The orc warrior hits you with a glaive!
* * * LOW HITPOINT WARNING * * *
You block the orc's attack.
You feel better. You block the orc's attack.
The orc warrior hits you with a glaive!!
* * * LOW HITPOINT WARNING * * *
You turn into a tree.
Your +0 cloak melds into your body.
Your +2 pair of gloves melds into your body.
Your +0 scale mail melds into your body.
Your roots penetrate the ground.
The orc hits you but does no damage. The orc warrior hits you with a glaive.
You die...

...# ##..# .##
#..# #..#####
#......#
#.....##
###...###
#####.(..##
##......[.##
......o♣...#
........oo.#
............#
.......)....#
..............
......((.......
............###
............#


You could see an orc warrior and 2 orcs.

Vanquished Creatures
  The ghost of magipi the Basher, a novice NaBe of Trog (D:6)
  Grinder (D:5)
  A wyvern (D:6)
  Menkaure (D:5)
  An ice beast (D:4)
  An ogre (D:4)
  A bullfrog (D:6)
  2 scorpions
  A howler monkey (D:4)
  3 crimson imps
  2 hounds
  Crazy Yiuf (D:5)
  2 orc wizards
  Jessica (D:3)
  An iguana (D:4)
  Ijyb (D:3)
  3 worker ants
  A killer bee zombie (D:6)
  A worker ant zombie (D:4)
  9 adders
  3 oozes
  2 worms
  5 dart slugs
  3 leopard geckos
  13 orcs
  7 giant cockroaches
  9 hobgoblins
  4 jackals
  4 quokkas
  3 ball pythons
  A ball python skeleton (D:4)
  7 bats
  6 frilled lizards
  11 goblins
  8 kobolds
  A leopard gecko skeleton (D:4)
  A quokka zombie (D:6)
  9 rats
  A fungus (D:5)
133 creatures vanquished.

Notes
Turn   | Place    | Note
-------+----------+-------------------------------------------
     0 | D:1      | RUZZLEFAZAZZLE the Gnoll Fighter began the quest for the Orb.
     0 | D:1      | Reached XP level 1. HP: 23/23 MP: 1/1
    76 | D:1      | Reached XP level 2. HP: 24/29 MP: 2/2
   269 | D:1      | Reached XP level 3. HP: 29/35 MP: 3/3
   435 | D:1      | Reached skill level 1 in Invocations
   807 | D:2      | Found a hide-covered altar of Uskayaw.
   816 | D:2      | Reached skill level 1 in Short Blades
   816 | D:2      | Reached skill level 1 in Long Blades
   816 | D:2      | Reached skill level 1 in Maces & Flails
   816 | D:2      | Reached skill level 1 in Polearms
   816 | D:2      | Reached skill level 1 in Staves
   816 | D:2      | Reached skill level 1 in Slings
   816 | D:2      | Reached skill level 1 in Bows
   816 | D:2      | Reached skill level 1 in Crossbows
   816 | D:2      | Reached skill level 1 in Throwing
   816 | D:2      | Reached skill level 1 in Dodging
   816 | D:2      | Reached skill level 1 in Stealth
   816 | D:2      | Reached skill level 1 in Unarmed Combat
   816 | D:2      | Reached skill level 1 in Spellcasting
   816 | D:2      | Reached skill level 1 in Evocations
   824 | D:2      | Reached XP level 4. HP: 31/41 MP: 5/5
   976 | D:2      | Found a shimmering altar of Xom.
  1303 | D:2      | Reached skill level 1 in Conjurations
  1303 | D:2      | Reached skill level 1 in Hexes
  1303 | D:2      | Reached skill level 1 in Charms
  1303 | D:2      | Reached skill level 1 in Summonings
  1303 | D:2      | Reached skill level 1 in Necromancy
  1303 | D:2      | Reached skill level 1 in Translocations
  1303 | D:2      | Reached skill level 1 in Transmutations
  1303 | D:2      | Reached skill level 1 in Fire Magic
  1303 | D:2      | Reached skill level 1 in Ice Magic
  1303 | D:2      | Reached skill level 1 in Air Magic
  1303 | D:2      | Reached skill level 1 in Earth Magic
  1303 | D:2      | Reached skill level 1 in Poison Magic
  1362 | D:3      | Noticed Jessica
  1378 | D:3      | Killed Jessica
  1378 | D:3      | Reached XP level 5. HP: 29/47 MP: 5/7
  1521 | D:3      | Noticed Ijyb
  1535 | D:3      | Killed Ijyb
  1635 | D:3      | Reached XP level 6. HP: 30/53 MP: 8/8
  1952 | D:3      | Reached skill level 5 in Axes
  2060 | D:3      | Found a sacrificial altar of Ru.
  2235 | D:4      | Found a staircase to the Ecumenical Temple.
  2285 | Temple   | Entered the Ecumenical Temple
  2334 | Temple   | Became a worshipper of Warmaster Okawaru
  2479 | D:4      | Reached XP level 7. HP: 34/59 MP: 10/10
  2762 | D:4      | Reached * piety under Okawaru
  3374 | D:5      | Entered Level 5 of the Dungeon
  3389 | D:5      | Noticed Menkaure
  3724 | D:5      | Found Huqus's Gadget Shop.
  3733 | D:5      | Killed Menkaure
  3733 | D:5      | Reached XP level 8. HP: 67/67 MP: 10/12
  3748 | D:5      | Noticed Grinder
  3750 | D:5      | Paralysed by Grinder for 6 turns
  3771 | D:5      | Paralysed by Grinder for 4 turns
  3778 | D:5      | Killed Grinder
  3778 | D:5      | Reached ** piety under Okawaru
  3818 | D:5      | Found a blossoming altar of Fedhas.
  4065 | D:5      | Found a runed door.
  4069 | D:5      | Noticed Crazy Yiuf
  4072 | D:5      | Killed Crazy Yiuf
  4213 | D:6      | Noticed magipi's ghost (novice NaBe)
  4230 | D:6      | Killed magipi's ghost
  4404 | D:6      | Noticed a wyvern
  4421 | D:6      | Killed a wyvern
  4421 | D:6      | Reached XP level 9. HP: 54/73 MP: 14/14
  4790 | D:6      | HP: 1/73 [orc warrior/glaive (20)]
  4791 | D:6      | Slain by an orc warrior

Skill      XL: |  1  2  3  4  5  6  7  8 |
---------------+-------------------------+-----
Invocations    | 1 2 3 4 |  4.3
Short Blades   | 1 2 3 |  3.9
Long Blades    | 1 2 3 |  3.9
Maces & Flails | 1 2 3 |  3.9
Polearms       | 1 2 3 |  3.9
Staves         | 1 2 3 |  3.9
Slings         | 1 2 3 |  3.9
Bows           | 1 2 3 |  3.9
Crossbows      | 1 2 3 |  3.9
Throwing       | 1 2 3 |  3.9
Dodging        | 1 2 3 |  3.9
Stealth        | 1 2 3 |  3.9
Unarmed Combat | 1 2 3 |  3.9
Spellcasting   | 1 2 3 |  3.9
Evocations     | 1 2 3 |  3.9
Conjurations   | 1 2 3 |  3.2
Hexes          | 1 2 3 |  3.2
Charms         | 1 2 3 |  3.2
Summonings     | 1 2 3 |  3.2
Necromancy     | 1 2 3 |  3.2
Translocations | 1 2 3 |  3.2
Transmutations | 1 2 3 |  3.2
Fire Magic     | 1 2 3 |  3.2
Ice Magic      | 1 2 3 |  3.2
Air Magic      | 1 2 3 |  3.2
Earth Magic    | 1 2 3 |  3.2
Poison Magic   | 1 2 3 |  3.2
Axes           | 5 6 |  6.1
Fighting       | 7 |  7.7
Armour         | 7 |  7.7
Shields        | 7 |  7.7

Action                   |  1- 3 |  4- 6 |  7- 9 || total
-------------------------+-------+-------+-------++-------
Melee: War axe           |    68 |   213 |   117 ||   398
       Bite              |     8 |    21 |    23 ||    52
Throw: Stone             |       |    16 |     9 ||    25
       Tomahawk          |       |       |     6 ||     6
Evoke: Wand              |       |     2 |    19 ||    21
  Use: Scroll            |       |       |     7 ||     7
       Potion            |       |       |     4 ||     4
  Eat: Chunk             |       |     6 |     4 ||    10
       Ration            |       |       |     1 ||     1
Armor: Scale mail        |    21 |    87 |    50 ||   158
       Skin              |       |       |     1 ||     1
Dodge: Dodged            |    23 |    82 |    41 ||   146
Block: Shield            |    41 |   141 |    84 ||   266
